 Dungeon Crawl Stone Soup version 0.29-a0-352-g0917bc69df (webtiles) character file.

Game seed: 16559363015129927183

353 sokol815 the Cutter (level 6, -2/39 HPs)
             Began as an Octopode Warper on Apr 24, 2022.
             Was an Initiate of Ashenzari.
             Slain by Ijyb
             ... wielding a +0 dagger
              (6 damage)
             ... while paralysed by Ijyb
             ... on level 4 of the Dungeon.
             The game lasted 00:08:33 (4488 turns).

sokol815 the Cutter (Octopode Warper)               Turns: 4488, Time: 00:08:34

Health: -2/39      AC:  1    Str: 10    XL:     6   Next: 62%
Magic:  9/9        EV:  2    Int: 15    God:    Ashenzari [......]
Gold:   235        SH:  0    Dex: 14    Spells: 9/9 levels left

rFire   . . .      SeeInvis .   a - +3 short sword (holy)
rCold   . . .      Faith    .   (no shield)
rNeg    . . .      Spirit   .   (helmet restricted)
rPois   .          Reflect  .   (no amulet)
rElec   .          Harm     .   (no ring)
rCorr   .          Rampage  .   (no ring)
Will    .....                   (no ring)
Stlth   ++++......              (no ring)
HPRegen 0.13/turn               (no ring)
MPRegen 0.11/turn               (no ring)
                                (no ring)
                                (no ring)

@: paralysed
A: almost no armour, amphibious, 8 rings, camouflage 1, gelatinous body 1,
(nimble swimmer 1), tentacles
a: Renounce Religion, Curse Item


You were on level 4 of the Dungeon.
You worshipped Ashenzari.
Ashenzari was noncommittal.
You visited 1 branch of the dungeon, and saw 4 of its levels.

You collected 235 gold pieces.

Inventory:

Hand Weapons
 a - a +3 short sword of holy wrath (weapon)
   (You took it off a kobold on level 1 of the Dungeon)
 e - a +0 hand axe
 j - a +0 whip of flaming
   (You took it off a kobold on level 4 of the Dungeon)
Missiles
 c - 7 boomerangs of dispersal {=f}
 g - 4 boomerangs
 m - 6 javelins
 s - 88 stones
Wands
 q - a wand of flame (53)
   (You found it on level 3 of the Dungeon)
Scrolls
 k - a scroll of enchant armour
Potions
 b - a potion of attraction {!q}
 d - 2 potions of flight {unknown}
 f - a potion of might {unknown}
 h - a potion of degeneration {unknown}
 i - a potion of berserk rage {unknown}
 G - 2 potions of ambrosia {!q}
 H - 2 potions of haste


   Skills:
 - Level 2.0 Fighting
 * Level 5.0 Short Blades
 - Level 2.5 Axes
 - Level 1.0 Throwing
 - Level 2.3 Dodging
 + Level 4.8 Stealth
 - Level 2.0 Spellcasting
 - Level 3.0 Translocations


You had 9 spell levels left.
You didn't know any spells.
Your spell library contained the following spells:

 Spells                   Type           Power      Damage    Failure   Level
 Blink                    Tloc           20%        N/A       10%         2
 Gell's Gravitas          Tloc           10%        N/A       19%         3
 Lesser Beckoning         Tloc           10%        N/A       19%         3
 Teleport Other           Tloc           10%        N/A       19%         3
 Magic Dart               Conj           4%         1d3       22%         1
 Call Imp                 Summ           1%         N/A       32%         2
 Frozen Ramparts          Ice            2%         1d2       54%         3
 Mephitic Cloud           Conj/Pois/Air  1%         N/A       54%         3
 Manifold Assault         Tloc           10%        N/A       87%         5
 Ice Form                 Ice/Tmut       1%         N/A       91%         4
 Summon Ice Beast         Ice/Summ       1%         N/A       91%         4


Dungeon Overview and Level Annotations

Branches:
Dungeon (4/15)             Temple (0/1) D:4

Altars:
Ashenzari
Vehumet

Annotations:
D:2 1 runed translucent door, Crazy Yiuf
D:3 Jessica, Sigmund
D:4 exclusion: black bear, Ijyb


Innate Abilities, Weirdness & Mutations

You cannot wear most types of armour.
You are amphibious.
You can wear up to eight rings at the same time.
Your skin changes colour to match your surroundings (Stealth+).
Your rubbery body absorbs attacks. (AC +1, EV +1)
((You are camouflaged when in or above water. (Stealth+)))
You have tentacles for arms and can constrict up to eight enemies at once.


Message History

There is an open door here.
You open the door.
There is an open door here.
There is a stone staircase leading down here.
You climb downwards.
Level annotation: exclusion: black bear, Ijyb
There is a stone staircase leading up here.
You now have 235 gold pieces (gained 15).
An adder comes into view.
The helpless adder fails to defend itself.
You impale the adder!!
You kill the adder!
No target in view!
No target in view!
Found a stone staircase leading down.
A kobold comes into view. It is wielding a +0 club.
The kobold shouts!
The kobold misses you.
Ashenzari invites you to partake of a vision and a curse of cunning and alchemy.
You closely miss the kobold. You grab the kobold. You constrict the kobold.
You hit the kobold.
You kill the kobold!
No target in view!
You see here a +0 club.
You see here a +0 club.
A hound comes into view.
The hound barks!
The hound bites you.
You take 3 damage, and have 36/39 hp.
You completely miss the hound. You grab the hound.
You constrict the hound, but do no damage.
The hound bites you but does no damage.
You puncture the hound!
You constrict the hound, but do no damage.
The hound bites you. x2
You take 6 damage, and have 30/39 hp.
You hit the hound. You constrict the hound. The hound closely misses you.
You hit the hound. You constrict the hound. The hound bites you.
You take 1 damage, and have 29/39 hp.
You hit the hound.
You kill the hound!
Your Short Blades skill increases to level 5!
No target in view!
No target in view!
A goblin is nearby!
Health restored: 39 The goblin shouts!
The goblin closely misses you.
You hit the goblin. You grab the goblin. You squeeze the goblin.
You constrict the goblin.
You kill the goblin!
No target in view!
No target in view!
Things that are here:
a +0 dagger; a goblin corpse You see here 16 stones.
Ijyb shouts!
You barely miss Ijyb. Your grab misses Ijyb. You hit Ijyb.
Your grab misses Ijyb. Ijyb hits you with a +0 dagger.
You take 4 damage, and have 35/39 hp.
You barely miss Ijyb. Your grab misses Ijyb.
Ijyb zaps a wand.
You resist with some effort.
You closely miss Ijyb. You grab Ijyb. You constrict Ijyb.
Ijyb hits you with a +0 dagger.
You take 3 damage, and have 32/39 hp.
You hit Ijyb but do no damage. You constrict Ijyb, but do no damage.
Ijyb zaps a wand.
You suddenly lose the ability to move!
You lose your grip on Ijyb.
Ijyb hits you with a +0 dagger. Ijyb hits you with a +0 dagger.
Ijyb hits you with a +0 dagger! Ijyb hits you with a +0 dagger. x2
Ijyb zaps a wand.
You shrug off the repeated paralysis!
Ijyb hits you with a +0 dagger.
* * * LOW HITPOINT WARNING * * *
You can move again.
You take 23 damage, and have 9/39 hp.
MASSIVE DAMAGE!!
Unknown command.
You hit Ijyb. Your grab misses Ijyb. Your squeeze misses Ijyb.
Ijyb hits you with a +0 dagger.
* * * LOW HITPOINT WARNING * * *
You take 6 damage, and have 3/39 hp.
You feel better. Ijyb closely misses you.
You regained 11 hp, and now have 14/39 hp.
You closely miss Ijyb. Your grab misses Ijyb. You closely miss Ijyb.
Your grab misses Ijyb.
Ijyb zaps a wand.
You suddenly lose the ability to move!
Ijyb hits you with a +0 dagger. Ijyb hits you with a +0 dagger.
* * * LOW HITPOINT WARNING * * *
Ijyb zaps a wand.
You resist with some effort.
The now-empty wand crumbles to dust.
Ijyb hits you with a +0 dagger.
* * * LOW HITPOINT WARNING * * *
Ijyb hits you with a +0 dagger.
You die...

..# ##....# ...
'....'...... ..# #.#
#....##..#.##..# #.#
#....##....(...# #
#.#####....##........ .#
#....##....##...##.###.###
...#.##....##.............
..##.)#....###......#..###.
#.............(.@g.......g.
##############<...<.#..##.
#..$.[..#)>...........
#8.....8#......#.###..
#....gg.#.#....#... ####
#8...gg8#......# ### [..#
#...g...#.####.# ...#
#8...g.8#.# #.# ...#
#.......#.# ###


You could see Ijyb.

Vanquished Creatures
  A scorpion (D:3)
  2 orc priests (D:4)
  A hound (D:4)
  5 gnolls
  5 adders
  A worm (D:3)
  3 dart slugs
  13 orcs
  7 endoplasms
  5 giant cockroaches
  11 goblins
  5 hobgoblins
  8 kobolds
  7 quokkas
  5 ball pythons
  A bat (D:2)
  3 frilled lizards
  5 rats
88 creatures vanquished.

Vanquished Creatures (others)
  A fungus (D:4)
1 creature vanquished.

Grand Total: 89 creatures vanquished

Notes
Turn   | Place    | Note
-------+----------+-------------------------------------------
     0 | D:1      | sokol815 the Octopode Warper began the quest for the Orb.
     0 | D:1      | Reached XP level 1. HP: 14/14 MP: 3/3
    75 | D:1      | Found a faded altar of an unknown god.
   490 | D:1      | Reached XP level 2. HP: 17/19 MP: 5/5
   607 | D:1      | Reached skill level 1 in Short Blades
  1035 | D:2      | Reached skill level 1 in Stealth
  1102 | D:2      | Reached XP level 3. HP: 24/24 MP: 6/6
  1199 | D:2      | Found a broken altar of Ashenzari.
  1294 | D:3      | Reached skill level 2 in Short Blades
  1512 | D:3      | Reached skill level 2 in Stealth
  1575 | D:3      | Reached XP level 4. HP: 26/29 MP: 7/7
  1710 | D:3      | Noticed a scorpion
  1748 | D:3      | Killed a scorpion
  1749 | D:3      | Reached skill level 3 in Short Blades
  1749 | D:3      | Reached skill level 3 in Stealth
  1749 | D:3      | Reached XP level 5. HP: 33/34 MP: 8/8
  2010 | D:2      | Became a worshipper of Ashenzari the Shackled
  2256 | D:2      | Found a runed translucent door.
  2257 | D:2      | Noticed Crazy Yiuf
  2487 | D:3      | Reached skill level 4 in Short Blades
  2580 | D:3      | Noticed Sigmund
  2809 | D:3      | Noticed Jessica
  2973 | D:3      | Found a radiant altar of Vehumet.
  3291 | D:4      | Noticed a lemure
  3297 | D:3      | Reached skill level 4 in Stealth
  3531 | D:4      | Reached XP level 6. HP: 34/39 MP: 9/9
  3702 | D:4      | Noticed a black bear
  3996 | D:4      | Found a staircase to the Ecumenical Temple.
  4189 | D:4      | Noticed Ijyb
  4363 | D:4      | Reached skill level 5 in Short Blades
  4472 | D:4      | Paralysed by Ijyb for 7 turns
  4479 | D:4      | HP: 9/39 [Ijyb/+0 dagger (3)]
  4480 | D:4      | HP: 3/39 [Ijyb/+0 dagger (6)]
  4483 | D:4      | Paralysed by Ijyb for 5 turns
  4485 | D:4      | HP: 7/39 [Ijyb/+0 dagger (5)]
  4488 | D:4      | Slain by Ijyb

Illustrated notes

Levels and vault maps discovered:
D:1:      dpeg_arrival_round_a, layout_loops_ring,
          shapermc_ecumenical_altar_pompeii, minmay_tiny_reverse_x
D:2:      layout_rooms, basic_altar, uniq_crazy_yiuf_cottage
D:3:      layout_loops_corners, vehumet_altar_wand_db, uniq_sigmund,
          uniq_jessica
D:4:      kennysheep_the_goblin_king, layout_basic, minmay_temple_entry_slanted,
          dreamdust_mushroom_princess, uniq_pikel, uniq_menkaure

Skill      XL: |  1  2  3  4  5  6 |
---------------+-------------------+-----
Short Blades   | 1 2 3 4 5 |  5.0
Stealth        | 1 2 3 4 |  4.8
Fighting       | |  2.0
Axes           | |  2.5
Throwing       | |  1.0
Dodging        | |  2.3
Spellcasting   | |  2.0
Translocations | |  3.0

Action                   |  1- 3 |  4- 6 || total
-------------------------+-------+-------++-------
Melee: Hand axe          |     9 |       ||     9
       Short sword       |    50 |   140 ||   190
       Tentacles         |    15 |    19 ||    34
       Constrict         |    17 |    30 ||    47
  Use: Scroll            |     1 |    10 ||    11
       Potion            |       |     2 ||     2
 Stab: Sleeping          |     8 |    10 ||    18
Armor: Skin              |     9 |    20 ||    29
Dodge: Dodged            |    39 |    45 ||    84

Table legend: (Time is in decaauts)
 A = Elapsed time spent in this place.
 B = Non-inter-level travel time spent in this place.
 C = Inter-level travel time spent in this place.
 D = Time resting spent in this place.
 E = Time spent auto-exploring this place.
 F = Levels seen in this place.
 G = Mean time per level.
                   A        B        C        D        E       F      G
               +--------+--------+--------+--------+--------+-----+--------+
         Total |   4479 |   4270 |    209 |    828 |   2700 |   4 | 1119.8 |
       Dungeon |   4479 |   4270 |    209 |    828 |   2700 |   4 | 1119.8 |
               +--------+--------+--------+--------+--------+-----+--------+

Top non-repeatable levels by time:
     D:3: 1704 daAuts
     D:4: 985 daAuts
     D:1: 949 daAuts
     D:2: 840 daAuts

Table legend:
 A = Kills in this place as a percentage of kills in entire the game.
 B = Kills by you in this place as a percentage of kills by you in the entire game.
 C = Kills by friends in this place as a percentage of kills by friends in the entire game.
 D = Other kills in this place as a percentage of other kills in the entire game.
 E = Experience gained in this place as a percentage of experience gained in the entire game.
 F = Experience gained in this place divided by the number of levels of this place that you have seen.
                   A       B       C       D       E      F
               +-------+-------+-------+-------+-------+----------------------
         Total | 100.0 | 100.0 |   N/A |   N/A | 100.0 | 126.2
       Dungeon | 100.0 | 100.0 |   N/A |   N/A | 100.0 | 126.2
               +-------+-------+-------+-------+-------+----------------------
